 Dungeon Crawl Stone Soup version 0.28.0-53-g5a82cb258f (webtiles) character file.

Game seed: 8891786097918461391

3 bnorton916 the Firebug (level 1, -1/10 HPs)
             Began as a Deep Elf Fire Elementalist on June 9, 2022.
             Slain by a quokka (2 damage)
             ... on level 1 of the Dungeon.
             The game lasted 00:00:19 (238 turns).

bnorton916 the Firebug (Deep Elf Fire Elementalist)  Turns: 238, Time: 00:00:20

Health: -1/10      AC:  2    Str:  5    XL:     1   Next: 41%
Magic:  1/6        EV: 12    Int: 19    God:
Gold:   0          SH:  0    Dex: 15    Spells: 5/6 levels left

rFire   . . .      SeeInvis .   (no weapon)
rCold   . . .      Faith    .   (no shield)
rNeg    . . .      Spirit   .   a - +0 robe
rPois   .          Reflect  .   (no helmet)
rElec   .          Harm     .   (no cloak)
rCorr   .          Rampage  .   (no gloves)
Will    .....                   (no boots)
Stlth   ++........              (no amulet)
HPRegen 0.03/turn               (no ring)
MPRegen 0.10/turn               (no ring)

@: no status effects
A: no striking features
a: no special abilities


You were on level 1 of the Dungeon.
You visited 1 branch of the dungeon, and saw 1 of its levels.

Inventory:

Missiles
 c - 22 stones
Armour
 a - a +0 robe (worn)
Magical Staves
 b - a staff of fire
Potions
 d - 2 potions of curing {unknown}


   Skills:
 - Level 2.4 Dodging
 - Level 2.4 Stealth
 + Level 3.1 Spellcasting
 + Level 1.2 Conjurations
 + Level 3.3 Fire Magic


You had 5 spell levels left.
You knew the following spells:

 Your Spells              Type           Power      Damage    Failure   Level
a - Foxfire               Conj/Fire      44%        2x1d6     6%          1

Your spell library contained the following spells:

 Spells                   Type           Power      Damage    Failure   Level
 Scorch                   Fire           30%        2d7       5%          2
 Conjure Flame            Conj/Fire      11%        6-21      17%         3
 Inner Flame              Hex/Fire       9%         N/A       22%         3
 Flame Wave               Conj/Fire      11%        2d5       50%         4


Dungeon Overview and Level Annotations

Branches:
Dungeon (1/15)

Altars:


Message History

The bat hits you but does no damage. The bat closely misses you.
The bat hits you but does no damage. The bat hits you but does no damage.
The bat misses you. x2; The bat hits you but does no damage.
The bat closely misses you. The bat closely misses you.
The bat barely misses you. The bat hits you. The bat closely misses you.
The bat hits you. The bat closely misses you. The bat barely misses you.
The bat misses you. The bat barely misses you.
The bat hits you but does no damage.
A dart slug comes into view.
The bat barely misses you. The bat hits you but does no damage.
The bat barely misses you.
Found a stone staircase leading down.
The bat closely misses you. The bat hits you but does no damage.
Casting: Foxfire (safe; 6% risk of failure)
Confirm with . or Enter, or press ? or * to list all spells.
You conjure some foxfire!
The bat hits you but does no damage. x2
The bat hits you. The bat misses you.
The foxfire hits the bat.
The bat is severely wounded.
The foxfire hits the bat.
The bat is moderately wounded.
The bat closely misses you. The bat hits you but does no damage.
The bat hits you.
* * * LOW HITPOINT WARNING * * *
The bat barely misses you. The bat hits you.
* * * LOW HITPOINT WARNING * * *
Casting: Foxfire (safe; 6% risk of failure)
Confirm with . or Enter, or press ? or * to list all spells.
You conjure some foxfire!
The bat closely misses you. The bat barely misses you. The bat hits you.
* * * LOW HITPOINT WARNING * * *
The foxfire hits the bat.
You kill the bat!
The foxfire hits the bat.
You kill the bat!
The kobold throws a stone.
The stone barely misses you. The quokka bites you.
You die...

#.#.#.#.##.....r.#
###.#.#.#.##..###.#...#
..................#.###
###.#.#.#.###.#.###.#
#.#.#.#.# #.#.# .#
######### #.#.# #
##.#K###.# #...†....#
#...r@§..#
.........§.##
............#
#.##.w......# #
#........# ..>.......#
####.#####.# #. .#


You could see a dart slug (asleep), a quokka and a kobold.

Vanquished Creatures
  An endoplasm (D:1)
  A giant cockroach (D:1)
  2 bats (D:1)
  A rat (D:1)
5 creatures vanquished.

Vanquished Creatures (others)
  27 foxfires (D:1)
27 creatures vanquished.

Grand Total: 32 creatures vanquished

Notes
Turn   | Place    | Note
-------+----------+-------------------------------------------
     0 | D:1      | bnorton916 the Deep Elf Fire Elementalist began the quest
                  | for the Orb.
     0 | D:1      | Reached XP level 1. HP: 10/10 MP: 6/6
   238 | D:1      | Slain by a quokka

Illustrated notes

Levels and vault maps discovered:
D:1:      dpeg_arrival_three_same_balls, layout_loops_ring, st_stairs_13,
          chequers_jeans, minmay_misc_feat_hallway

Action                   || total
-------------------------++-------
 Cast: Foxfire           ||    21
Armor: Robe              ||    15
Dodge: Dodged            ||    33
